Map: Lost and Found LE

Players

Nerchio - Winner!

  • Race: Zerg Zerg
  • Spawn Location: 7:00

SieGe

  • Race: Terran Terran
  • Spawn Location: 1:00

Event: WCS Austin 2018

VOD

Have the link to the VOD?

Description

Time

  • Played on: June 1, 2018, 1:27 p.m.
  • Length: 8:33

All games in this series

Show
View Real Time Build Order
Export as new Build Order

Nerchio Zerg - Winner!

Build Orders: Pool First 

Get SALT Encoding   

  12  0:00  Drone  
  13  0:12  Overlord  
  13  0:16  Drone  
  14  0:31  Drone x2  
  14  0:34  Drone  
  17  0:45  Spawning Pool  
  17  0:47  Drone  
  17  1:09  Hatchery  
  17  1:11  Drone  
  17  1:13  Extractor  
  17  1:16  Drone  
  18  1:32  Zergling x2  
  18  1:33  Queen  
  18  1:37  Drone  
  21  1:40  Overlord  
  21  1:50  Drone  
  22  2:00  Drone  
  23  2:08  Queen  
  23  2:11  Drone  
  23  2:15  Metabolic Boost  
  26  2:21  Queen  
  28  2:23  Drone  
  28  2:25  Drone  
  30  2:32  Drone  
  31  2:46  Hatchery  
  31  2:48  Drone  
  31  2:49  Drone  
  32  2:53  Drone  
  32  2:56  Overlord  
  33  2:59  Drone  
  33  3:01  Drone  
  33  3:03  Drone  
  36  3:07  Overlord  
  36  3:16  Drone x3  
  36  3:19  Drone  
  41  3:20  Drone  
  41  3:24  Queen  
  43  3:31  Queen  
  43  3:33  Drone  
  46  3:34  Drone  
  46  3:36  Drone  
  46  3:38  Drone  
  46  3:40  Drone  
  50  3:43  Drone x2  
  52  3:49  Overlord  
  52  3:54  Overlord x2  
  52  4:01  Evolution Chamber  
  51  4:03  Evolution Chamber, Drone  
  51  4:04  Drone x2  
  51  4:05  Drone  
  51  4:08  Drone x2  
  56  4:10  Drone  
  56  4:13  Drone  
  56  4:14  Drone x2  
  60  4:17  Queen  
  60  4:20  Drone  
  60  4:21  Drone  
  64  4:25  Queen  
  64  4:29  Zerg Ground Armor Level 1  
  65  4:33  Zergling x6  
  65  4:38  Zergling x8  
  69  4:41  Zergling x2  
  73  4:47  Zergling x2  
  73  4:48  Hatchery, Zergling x2  
  73  4:50  Overlord  
  74  4:53  Zerg Melee Weapons Level 1  
  74  4:54  Overlord  
  74  4:58  Overlord  
  74  5:07  Zergling x4  
  74  5:08  Zergling x10  
  74  5:11  Drone x2  
  74  5:14  Drone  
  84  5:21  Drone  
  85  5:22  Drone  
  85  5:23  Extractor  
  85  5:24  Drone, Extractor  
  85  5:26  Lair  
  86  5:28  Drone x3  
  86  5:29  Extractor  
  86  5:33  Overlord  
  86  5:35  Drone  
  88  5:37  Drone x3  
  88  5:39  Drone  
  90  5:45  Overlord, Queen  
  90  5:49  Queen  
  94  5:52  Drone  
  94  5:53  Drone  
  94  5:55  Drone  
  94  5:56  Drone x2  
  99  5:58  Overlord  
  99  5:59  Drone x2  
  99  6:00  Hatchery, Overlord  
  100  6:07  Zergling x2  
  100  6:08  Zergling x6  
  100  6:09  Zergling x2  
  100  6:10  Zergling x2  
  100  6:11  Zergling x2  
  107  6:17  Zergling x2  
  108  6:19  Zergling x2  
  108  6:20  Zergling x2  
  108  6:23  Zergling x8  
  108  6:25  Baneling Nest, Queen  
  115  6:27  Zergling x6  
  115  6:30  Queen  
  115  6:31  Zergling x2  
  115  6:32  Zergling x2  
  122  6:37  Zergling x10  
  127  6:43  Zergling x2  
  127  6:44  Zergling x8  
  127  6:46  Zergling x2  
  124  6:48  Overlord  
  120  6:56  Drone x2  
  120  6:58  Drone x2  
  124  7:03  Hydralisk Den  
  124  7:08  Zergling x12  
  129  7:11  Zergling x6  
  129  7:12  Zergling x2  
  129  7:13  Zergling x2  
  129  7:15  Zergling x2  
  135  7:19  Hydralisk Den, Baneling x11  
  135  7:20  Zergling x2  
  135  7:22  Zergling x2  
  136  7:23  Zergling x4  
  136  7:27  Zergling x2  
  136  7:29  Zergling x6  
  142  7:30  Zergling x2  
  142  7:31  Zergling x2  
  142  7:33  Baneling  
  142  7:34  Overlord, Baneling  
  142  7:35  Overlord  
  144  7:38  Zergling x8  
  144  7:43  Zergling x4  
  150  7:46  Overlord  
  148  7:58  Zergling x28  
  148  8:01  Zergling x2  
  161  8:05  Zergling x2  
  161  8:06  Zergling x4  
  161  8:07  Baneling x15  
  161  8:08  Zergling x2  
  161  8:09  Zergling x4  
  161  8:10  Zergling x2  
  166  8:13  Zergling x2  
  166  8:16  Zergling x4  
Show
View Real Time Build Order
Export as new Build Order

SieGe Terran 

Build Orders: Reaper Expand 

Get SALT Encoding   

  12  0:00  SCV  
  13  0:13  SCV  
  14  0:20  Supply Depot  
  14  0:25  SCV  
  15  0:41  SCV  
  16  0:43  Barracks  
  16  0:48  Refinery  
  16  0:53  SCV  
  17  1:06  SCV  
  18  1:18  SCV  
  19  1:31  Orbital Command  
  19  1:32  Reaper  
  20  1:42  Command Center  
  20  1:56  SCV  
  21  2:10  Barracks Reactor  
  21  2:11  SCV  
  21  2:14  Barracks  
  22  2:16  Barracks Reactor, Supply Depot  
  22  2:23  SCV  
  22  2:26  Refinery  
  23  2:37  SCV  
  24  2:45  Factory  
  24  2:50  SCV  
  25  2:55  Marine x2  
  25  2:57  Orbital Command  
  27  3:01  Barracks Tech Lab  
  27  3:02  SCV  
  28  3:13  Marine x2  
  28  3:14  SCV  
  31  3:22  Marine  
  31  3:23  Stimpack  
  31  3:24  SCV  
  31  3:26  SCV  
  34  3:29  Starport  
  34  3:31  Factory Reactor  
  34  3:35  Marine x2  
  34  3:38  SCV x2  
  38  3:43  Marine  
  39  3:50  Supply Depot, SCV  
  39  3:51  SCV  
  39  3:53  Marine x2  
  42  4:02  SCV  
  43  4:03  SCV  
  43  4:06  Marine  
  45  4:11  Marine  
  45  4:12  Supply Depot  
  45  4:13  Supply Depot  
  45  4:14  Marine, SCV  
  45  4:16  SCV  
  49  4:20  Medivac  
  49  4:22  Medivac  
  53  4:24  Marine  
  54  4:33  Marine x2, SCV x2  
  54  4:35  Widow Mine  
  60  4:42  Marine  
  61  4:45  SCV x2  
  61  4:46  Engineering Bay  
  61  4:47  Engineering Bay  
  61  4:51  Marine x2  
  65  4:58  SCV x2  
  65  4:59  Marine  
  67  5:00  Medivac  
  67  5:04  Supply Depot  
  70  5:09  Medivac, Marine  
  70  5:10  Refinery, Widow Mine, Marine, SCV  
  70  5:13  SCV  
  78  5:25  SCV x2  
  78  5:26  Marauder, Supply Depot, Terran Infantry Weapons Level 1  
  78  5:27  Marine  
  78  5:28  Marine  
  84  5:36  Terran Infantry Armor Level 1  
  84  5:37  SCV  
  84  5:41  Supply Depot  
  85  5:48  Marine x2  
  84  5:57  Command Center  
  84  5:58  Marine  
  84  5:59  SCV  
  86  6:06  Marine  
  87  6:13  Marine  
  87  6:16  Marine, SCV x2  
  87  6:17  Medivac x2, Factory Reactor  
  95  6:22  Barracks  
  95  6:23  Barracks  
  95  6:25  Barracks  
  95  6:29  Marine  
  95  6:31  Marine  
  95  6:32  Refinery  
  97  6:46  Marine  
  81  6:57  Widow Mine x2, Marine x2  
  81  6:59  SCV x2  
  84  7:02  Armory  
  84  7:04  Marauder  
  84  7:12  Orbital Command  
  84  7:14  Barracks Reactor, Marine  
  84  7:15  Barracks Reactor  
  77  7:21  Marine  
  77  7:22  Barracks Reactor  
  77  7:23  SCV x2  
  77  7:26  Marauder  
  77  7:27  Orbital Command  
  81  7:32  Marine  
  81  7:33  Widow Mine x2  
  81  7:35  SCV x2  
  88  7:38  Marine  
  88  7:44  Barracks x2  
  88  7:47  Marauder  
  88  7:50  Marine  
  88  7:51  Marine x2  
  90  8:00  Marine x4  
  90  8:01  Marine  
  90  8:03  Medivac x2  
  79  8:08  Marine x3  
  79  8:09  Marine  
  63  8:14  Engineering Bay  
  63  8:15  Engineering Bay  
Tags
 
Add a new tag
Caveats
  • Supply blocks, unpowered buildings, or Contaminate may cause inaccurate times.
  • Supply counts are checked every 10 seconds.